 Dungeon Crawl Stone Soup version 0.16.2-2-g470672f (webtiles) character file.

68 CrazyArbalest the Bolt Thrower (level 4, 0/36 HPs)
             Began as a Centaur Hunter on Aug 22, 2015.
             Slain by a worker ant (2 damage)
             ... on level 5 of the Dungeon.
             The game lasted 00:06:29 (1736 turns).

CrazyArbalest the Bolt Thrower (Centaur Hunter)     Turns: 1736, Time: 00:06:30

Health: 0/36       AC:  6    Str: 15    XL:     4   Next: 1%
Magic:  3/3        EV:  8    Int: 10    God:
Gold:   93         SH:  0    Dex: 10    Spells: 0 memorised, 3 levels left

rFire  . . .     SeeInvis .     a - +0 whip
rCold  . . .     Clarity  .     m - +0 ring mail
rNeg   . . .     SustAb   .     (no shield)
rPois  .         Gourm    .     u - +0 helmet
rElec  .         Spirit   .     (no cloak)
rCorr  .         Warding  .     (no gloves)
rMut   .         Stasis   .     (no barding)
MR     .....                    (no amulet)
Stlth  ..........               (no ring)
                                (no ring)

@: lethally poisoned (0 -> -6), very quick, not resistant to hostile
enchantments, extremely unstealthy
A: hooves 3, deformed body, speed 2, tough skin 3
a: no special abilities


You were on level 5 of the Dungeon.
You were not hungry.

You visited 1 branch of the dungeon, and saw 5 of its levels.

You collected 93 gold pieces.

Inventory:

Hand weapons
 a - a +0 whip (weapon)
 b - a +1 hand crossbow
Missiles
 c - 17 bolts
Armour
 d - a +0 leather armour
 m - a +0 ring mail (worn)
 u - a +0 helmet (worn)
Jewellery
 j - a +5 ring of evasion {unknown}
 n - an uncursed amulet of guardian spirit {unknown}
Scrolls
 h - 2 scrolls of teleportation {unknown}
 i - 4 scrolls of remove curse {unknown}
 o - a scroll of noise {unknown}
 q - 2 scrolls of immolation {unknown}
 r - a scroll of enchant armour {unknown}
 s - a scroll of random uselessness {unknown}
 v - a scroll of blinking {unknown}
 w - a scroll of fear {unknown}
 x - 4 scrolls of identify {unknown}
Potions
 e - 2 potions of haste {unknown}
 l - a potion of resistance {unknown}
 p - a potion of invisibility {unknown}
 t - 2 potions of curing {unknown}
Comestibles
 f - a bread ration
 g - a meat ration


   Skills:
 + Level 2.1 Fighting
 * Level 5.5 Crossbows
 + Level 0.7 Armour
 + Level 1.7 Dodging
 + Level 0.6 Stealth


You had 3 spell levels left.
You didn't know any spells.

Dungeon Overview and Level Annotations

Branches:
Dungeon (5/15)
 Temple: D:4-7

Altars:
Dithmenos
Ru
Xom
Yredelemnul
Zin

Annotations:
D:5 Natasha


Innate Abilities, Weirdness & Mutations

You have hooves in place of feet.
Armour fits poorly on your strangely shaped body.
You cover ground very quickly.
You have extremely tough skin (AC +3).


Message History

The jackal bites you but does no damage. x2
You closely miss the jackal. You kick the jackal, but do no damage.
The jackal is severely wounded.
* * * LOW HITPOINT WARNING * * *
You feel sick.
The worker ant bites you but does no damage.
The jackal bites you but does no damage. x2
The crimson imp hits you but does no damage.
The worker ant barely misses you.
You hit the jackal but do no damage. Your kick misses the jackal.
The jackal is severely wounded.
* * * LOW HITPOINT WARNING * * *
You feel sick.
The jackal bites you but does no damage.
The jackal barely misses you.
The crimson imp hits you but does no damage.
The jackal barely misses you.
The worker ant waves its antennae.
The worker ant bites you.
You die...

# .. .####
....## #.......
#.......
#.......
##h...W...
#@hh......
###a5...###.
#.......# #
#.......###....#
#............(.#
#....###.......#
###... ......#
#...# .)....#
#...# ......#


You could see a phantom, a worker ant, a crimson imp and 3 jackals.

Vanquished Creatures
  4 adders
  An ooze (D:1)
  3 ball pythons
  3 giant cockroaches
  A goblin (D:2)
  5 hobgoblins
  2 kobolds
  4 bats
  4 giant newts
  A quokka zombie (D:5)
  3 rats
  A spectral orc (D:2)
32 creatures vanquished.

Notes
Turn   | Place    | Note
--------------------------------------------------------------
     0 | D:1      | CrazyArbalest, the Centaur Hunter, began the quest for the Orb.
     0 | D:1      | Reached XP level 1. HP: 17/17 MP: 1/1
   465 | D:1      | Reached XP level 2. HP: 22/24 MP: 2/2
   524 | D:1      | Reached skill level 5 in Crossbows
   761 | D:2      | Reached XP level 3. HP: 24/29 MP: 3/3
   780 | D:2      | Found a shimmering altar of Xom.
   882 | D:2      | Found a glowing silver altar of Zin.
  1123 | D:2      | Found a basalt altar of Yredelemnul.
  1210 | D:2      | Found a sacrificial altar of Ru.
  1231 | D:2      | Found a shadowy altar of Dithmenos.
  1563 | D:3      | Noticed Natasha
  1621 | D:4      | Reached XP level 4. HP: 36/36 MP: 3/3
  1674 | D:5      | Entered Level 5 of the Dungeon
  1727 | D:5      | Noticed a phantom
  1736 | D:5      | Slain by a worker ant

Action                   |  1- 3 |  4- 6 || total
-------------------------+-------+-------++-------
Melee: Short sword       |    29 |       ||    29
       Whip              |    63 |     7 ||    70
 Fire: Hand crossbow     |    16 |       ||    16
  Eat: Bread ration      |     1 |       ||     1
